Get step-by-step instructions on how to execute this build order below. Start the game timer, and the build order will tick by so you can play in parallel with StarCraft on a second screen or mobile device.

Game Time

  0:00

Last Step

  N/A

Next Step

Upcoming Step



Don't want to look back and forth between 2 screens? Try out our Overwolf App, the Spawning Tool Build Advisor to get an in-game overlay with this build!

Complete Build Order

  1  0:00  Probe  
  12  0:06  Probe  
  14  0:18  Pylon  
  14  0:22  Probe  
  15  0:36  Probe  
  15  0:39  Gateway  
  16  0:44  Assimilator  
  16  0:48  Probe  
  17  1:00  Probe  
  18  1:08  Probe  
  18  1:16  Probe  
  20  1:30  Nexus  
  20  1:41  Cybernetics Core  
  20  1:45  Probe  
  21  1:53  Assimilator  
  21  1:56  Probe  
  22  2:03  Pylon  
  22  2:04  Probe  
  23  2:20  Warp Gate  
  23  2:21  Adept  
  25  2:24  Probe  
  26  2:30  Twilight Council  
  26  2:35  Probe  
  27  2:45  Probe, Pylon  
  27  2:48  Assimilator  
  27  2:50  Probe  
  28  2:51  Adept  
  31  2:59  Probe  
  31  3:02  Probe  
  33  3:14  Probe  
  33  3:15  Robotics Facility  
  34  3:20  Probe  
  34  3:25  Charge  
  34  3:26  Probe  
  36  3:31  Probe  
  37  3:34  Templar Archives  
  37  3:39  Probe  
  37  3:40  Probe  
  37  3:41  Assimilator  
  38  3:47  Probe  
  39  3:52  Probe  
  41  3:56  Observer  
  41  3:57  Gateway  
  42  4:10  Gateway  
  42  4:11  Gateway  
  43  4:17  Probe x2  
  44  4:27  High Templar  
  44  4:28  Observer  
  44  4:29  Probe  
  44  4:30  Observer  
  48  4:34  Pylon  
  48  4:35  Probe  
  49  4:41  Probe  
  50  4:53  Observer  
  50  4:55  Probe x2  
  50  4:56  Nexus  
  53  5:00  High Templar  
  55  5:07  Probe x2  
  55  5:11  Forge  
  55  5:12  Pylon, Forge  
  55  5:13  High Templar  
  59  5:14  High Templar  
  59  5:19  Probe  
  62  5:30  Observer  
  62  5:32  Protoss Ground Weapons Level 1  
  62  5:34  Probe x2  
  65  5:37  Zealot x2  
  65  5:41  Gateway  
  65  5:42  Gateway  
  69  5:51  Gateway  
  69  5:53  Gateway x2  
  69  6:00  Pylon  
  69  6:02  Pylon  
  69  6:03  Probe  
  70  6:07  Probe  
  70  6:10  Protoss Ground Armor Level 1  
  69  6:15  Zealot x4, Probe  
  78  6:25  Pylon  
  78  6:26  Assimilator  
  78  6:39  High Templar x2  
  82  6:43  Zealot x4  
  90  6:52  Stalker x3  
  96  6:56  Pylon, Probe x3  
  99  7:05  Zealot x3, Psionic Storm  
  105  7:12  Pylon  
  105  7:16  Stalker  
  105  7:18  Sentry x2  
  105  7:19  Stalker, Protoss Ground Weapons Level 2  
  105  7:20  High Templar  
  115  7:33  Probe x3  
  118  7:39  Assimilator  
  118  7:45  Probe x2, Warp Prism  
  121  7:54  Probe  
  121  7:56  Protoss Ground Armor Level 2  
  123  8:06  Zealot  
  123  8:12  Pylon  
  125  8:14  Pylon x2  
  125  8:17  Shield Battery  
  125  8:18  Shield Battery  
  125  8:29  Pylon  
  119  8:44  Observer  
  91  8:49  Zealot x2  
  91  8:50  Zealot x6  
  91  8:51  Zealot  
  105  9:10  Zealot  
  105  9:11  Zealot x6  
  105  9:12  Zealot  
  105  9:13  Nexus  
  105  9:14  Pylon  
  105  9:37  Zealot x3  
  105  9:38  Zealot x4  
  105  9:39  Stalker x2  
  99  10:12  High Templar x3  
  99  10:13  High Templar  
  107  10:14  Zealot x2  
  107  10:15  Zealot, Stalker x2  
  117  10:26  Probe x2  
  107  10:36  Protoss Shields Level 1  
  107  10:37  Protoss Air Weapons Level 1  
  101  10:44  Zealot x2, Assimilator  
  101  10:45  Zealot, Stalker  
  101  10:46  Stalker x2, Zealot, Shield Battery  
  101  10:47  Zealot  
  101  10:48  Shield Battery  
  113  10:51  Photon Cannon  
  113  10:53  Pylon  
  113  11:00  Probe  
  113  11:01  Assimilator  
  114  11:11  Stargate  
  114  11:12  Stargate, Observer  
  114  11:13  Stargate  
  114  11:15  Zealot x3  
  114  11:16  Stalker x4  
  114  11:17  Sentry  
  114  11:18  Sentry  
  131  11:24  Probe  
  132  11:29  Photon Cannon  
  132  11:32  Probe x2  
  134  11:39  High Templar  
  136  11:45  Zealot x2  
  136  11:46  Zealot x2  
  144  11:47  High Templar  
  144  11:48  High Templar  
  128  12:15  Fleet Beacon, Probe